 Dungeon Crawl Stone Soup version 0.31-a0-339-gda1cbd555d (webtiles) character file.

Game seed: 14334451822463267054

1429 lunkers the Martial Artist (level 9, 0/67 (68) HPs)
             Began as a Meteoran Shapeshifter on July 18, 2023.
             Was a Believer of Okawaru.
             Slain by a wight
             ... wielding a +5 hand axe
              (12 damage)
             ... on level 6 of the Dungeon on July 20, 2023.
             The game lasted 00:12:47 (3077 turns).

lunkers the Martial Artist (Meteoran Shapeshifter)  Turns: 3077, Time: 00:12:47

HP:   0/67 (68)     AC:  6    Str: 18    XL:     9   Next: 23%
MP:   11/11         EV: 13    Int:  9    God:    Okawaru [**....]
Gold: 230           SH:  0    Dex: 19    Spells: 8/8 levels left

rFire   . .          .
                       - Unarmed
rCold   . . .        (no shield)
rNeg    . . .        a - +0 animal skin
rPois   .            (helmet currently unavailable)
rElec   .            (cloak currently unavailable)
rCorr   .            (gloves currently unavailable)
SInv    .            (boots currently unavailable)
Will    +....        (no amulet)
Stlth   +            p - +4 ring of protection
HPRegen 0.31/turn    (no ring)
MPRegen 0.12/turn

%: no passive effects
@: beast-form, glowing, lightly drained
A: beast (slay +2), sense surroundings 2, otherworldly, glowing, explore regen
a: Begin Untransformation, Renounce Religion, Heroism


You were on level 6 of the Dungeon.
You worshipped Okawaru.
Okawaru was pleased with you.
You were a hulking beast.
You visited 2 branches of the dungeon, and saw 7 of its levels.
You also visited: Sewer.

You collected 230 gold pieces.

Inventory:

Armour
 a - a +0 animal skin (worn)
 e - a +0 cloak
Jewellery
 n - a ring of fire
 p - a +4 ring of protection (left hand)
Talismans
 c - a beast talisman
 g - a dragon-blood talisman
Wands
 l - a wand of polymorph (7)
 q - a wand of charming (4)
Scrolls
 h - a scroll of torment
 i - 3 scrolls of identify
 k - 2 scrolls of amnesia
 r - a scroll of enchant armour {unknown}
Potions
 b - a potion of lignification
 d - 3 potions of curing
 f - 4 potions of heal wounds
 j - a potion of berserk rage
 m - a potion of invisibility
 o - a potion of might
 s - a potion of magic {unknown}


   Skills:
 + Level 2.7 Fighting
 + Level 3.1 Dodging
 + Level 11.9 Unarmed Combat
 + Level 1.6 Invocations
 * Level 4.2 Shapeshifting


You had 8 spell levels left.
You didn't know any spells.
Your spell library contained the following spells:

 Spells                   Type           Power      Damage    Failure   Level
 Foxfire                  Conj/Fire      0%         2x1d4     38%         1
 Shock                    Conj/Air       0%         1d3       38%         1
 Stone Arrow              Conj/Erth      0%         3d7       77%         3
 Fire Storm               Conj/Fire      0%         5d1       100%        9


Dungeon Overview and Level Annotations

Branches:
Dungeon (6/15) Zot: 1023   Temple (1/1) D:4 Zot: 581   Sewer (visited)

Altars:
Ashenzari
Elyvilon
Fedhas
Gozag
Hepliaklqana
Kikubaaqudgha
Makhleb
Nemelex Xobeh
Okawaru
Qazlal
Ru
Sif Muna
Trog
Uskayaw
Wu Jian
Xom

Shops:
D:3 !   D:6 =

Annotations:
D:4 3 runed translucent doors, LeprechaunX's ghost, amateur OpSh


Innate Abilities, Weirdness & Mutations

You are a hulking beast.
Your limbs bulge with bestial killing power. (Slay +2)
You passively map the area around you.
You are easily found by Zot.
You glow in the dark.
You regain HP and MP as you explore.


Message History

You destroy the wight!
Okawaru accepts your kill.
Your life force feels restored.
Your Invocations skill increases to level 1!
Your Shapeshifting skill increases to level 4!
You closely miss the wight. The wight barely misses you.
You punch the wight!
You destroy the wight!
Okawaru accepts your kill.
The wight hits you from afar with a +5 trident!
* * * LOW HITPOINT WARNING * * *
You feel drained.
Your life force feels restored.
Your Dodging skill increases to level 3!
A wight comes into view. It is wielding a +5 hand axe.
The wight closely misses you.
Items here: )) [[.
You punch the wight!
The wight is heavily damaged.
The wight hits you with a +5 trident!
* * * LOW HITPOINT WARNING * * *
You feel drained.
* * * LOW HITPOINT WARNING * * *
You hit the wight.
The wight is severely damaged.
The wight closely misses you.
You hit the wight.
You destroy the wight!
Okawaru accepts your kill.
Things that are here:
a +5 trident; a +0 robe The wight completely misses you.
You hit the wight. You punch the wight.
The wight is heavily damaged.
The wight hits you with a +5 hand axe.
* * * LOW HITPOINT WARNING * * *
You hit the wight but do no damage.
The wight is moderately damaged.
The wight hits you with a +5 hand axe!
You die...

.....#.#######...#.#.#.#.#.#.....
###..#..........#.#.#.#.#.#......
.....#.#######...#.#.#.#.#.#.....
.#.†.#.# #########.+####.........
.....#.# #............##.........
.....#.# #............##.........
.#.#.#.# #............##.........
.###...###....)<......##.........
.#............))hz...............
#.#######............##...<.....
#.# ##########.##########.#. #.#
* # #.#. ### *, #.#. ,, *
#########.##########...
#...................... ,*
,#...................... , ,,
#.................>....


You could see a wight.

Vanquished Creatures
  2 black bears (D:4)
  A centaur (D:4)
  A phantom (D:5)
  Blork the orc (D:4)
  A scorpion (D:5)
  4 wights (D:6)
  3 jellies
  5 hounds
  3 orc priests
  A sleepcap (D:5)
  4 iguanas
  2 orc wizards (D:3)
  10 adders
  6 river rats
  2 shadow imps
  A white imp (D:5)
  2 ufetubi
  2 worms
  2 dart slugs
  11 orcs
  7 endoplasms
  5 giant cockroaches
  4 goblins
  5 hobgoblins
  3 jackals (Sewer)
  A quokka (D:4)
  10 ball pythons
  6 bats
  5 frilled lizards
  4 kobolds
  9 rats
123 creatures vanquished.

Notes
Turn   | Place    | Note
-------+----------+-------------------------------------------
     0 | D:1      | lunkers the Meteoran Shapeshifter began the quest for the
                  | Orb.
     0 | D:1      | Reached XP level 1. HP: 17/17 MP: 2/2
   135 | D:1      | Reached skill level 3 in Unarmed Combat
   135 | D:1      | Reached XP level 2. HP: 13/24 MP: 3/3
   469 | D:2      | Reached XP level 3. HP: 28/29 MP: 4/4
   610 | D:2      | Reached skill level 4 in Unarmed Combat
   619 | D:2      | Found a shimmering altar of Xom.
   870 | D:3      | Found an ancient bone altar of Kikubaaqudgha.
   934 | D:3      | Reached skill level 5 in Unarmed Combat
   934 | D:3      | Reached XP level 4. HP: 34/36 MP: 5/5
   941 | D:3      | Reached XP level 5. HP: 39/41 MP: 6/6
   997 | D:3      | Reached skill level 6 in Unarmed Combat
  1064 | D:3      | Upgraded the game from 0.31-a0-325-g067879e3d3 to
                  | 0.31-a0-339-gda1cbd555d
  1108 | D:3      | Reached XP level 6. HP: 48/48 MP: 7/7
  1172 | D:3      | Found Ginenim's Distillery.
  1382 | D:4      | Found an iron altar of Okawaru.
  1397 | D:4      | Got Sif Muna's Guide on Scorched Battling
  1408 | D:4      | Became a worshipper of Warmaster Okawaru
  1470 | D:4      | Noticed Blork the orc
  1482 | D:4      | Killed Blork the orc
  1483 | D:4      | Reached skill level 7 in Unarmed Combat
  1545 | D:4      | Found a runed translucent gate.
  1545 | D:4      | Found an opulent altar of Gozag.
  1546 | D:4      | Found a runed translucent gate.
  1547 | D:4      | Found a runed translucent gate.
  1549 | D:4      | Noticed LeprechaunX's ghost (amateur OpSh)
  1549 | D:4      | Noticed an ogre
  1549 | D:4      | Noticed an orc warrior
  1578 | D:4      | Found a glowing drain.
  1621 | Sewer    | Entered a sewer
  1701 | Sewer    | Reached XP level 7. HP: 55/55 MP: 8/8
  1724 | Sewer    | Reached skill level 8 in Unarmed Combat
  2024 | Sewer    | Glimpsed the power of Zot.
  2057 | Sewer    | Glimpsed the power of Zot.
  2224 | D:4      | Reached * piety under Okawaru
  2225 | D:4      | Reached skill level 9 in Unarmed Combat
  2230 | D:4      | Reached XP level 8. HP: 43/61 MP: 9/9
  2446 | D:4      | Found a staircase to the Ecumenical Temple.
  2452 | D:4      | Reached skill level 10 in Unarmed Combat
  2458 | Temple   | Entered the Ecumenical Temple
  2525 | D:5      | Entered Level 5 of the Dungeon
  2658 | D:5      | Found a broken altar of Ashenzari.
  2684 | D:5      | Reached skill level 11 in Unarmed Combat
  2747 | D:5      | Found a sparkling altar of Nemelex Xobeh.
  2846 | D:6      | Reached ** piety under Okawaru
  2868 | D:6      | Gained mutation: You passively map the area around you.
                  | [Meteoran growth]
  2868 | D:6      | Reached XP level 9. HP: 50/67 MP: 7/10
  2947 | D:6      | Found Vocs's Jewellery Boutique.
  3068 | D:6      | Reached skill level 1 in Invocations
  3077 | D:6      | Slain by a wight

Illustrated notes

Levels and vault maps discovered:
D:1:      dpeg_arrival_round_c, layout_loops_ring, kennysheep_small_spiral,
          minmay_misc_feat_tower
D:2:      layout_basic, serial_co_window_serial, co_window_paths_a,
          co_window_of_opportunity_a, co_window_cross_1, co_window_corner_a,
          co_window_of_opportunity_a, co_window_2corner, co_window_paths_c,
          co_window_corner_b, co_window_4corner_b, glass_columns_b,
          glass_columns_a, basic_altar, hangedman_decor_peaks_small,
          grunt_decor_fettered
D:3:      layout_basic, mainiacjoe_overflow_tiny_flanked, serial_shops, shop,
          kennysheep_big_empty_room, chequers_decorated_corner
D:4:      layout_basic, okawaru_metal_pillars_1_2,
          mainiacjoe_overflow_big_doors, minmay_temple_entry_nine_rooms,
          ebering_ghost_gozag, portal_sewer_entry_b, minivault_25,
          chequers_serial_rivers_micro_e, chequers_hall_statues_wall_a,
          minmay_cupped, uniq_blork_the_orc
D:5:      layout_basic, nemelex_altar_shiori, ashenzari_conservatory_becter
D:6:      layout_basic, marbit_many_paths, mainiacjoe_overflow_two_lobes,
          serial_shops, nicolae_shop_gaudy_bauble, minivault_23
Temple:   chequers_temple_sunken

Skill      XL: |  1  2  3  4  5  6  7  8  9 |
---------------+----------------------------+-----
Unarmed Combat | 3 5 6 7 9 11 | 11.9
Invocations    | 1 |  1.6
Shapeshifting  | 4 |  4.2
Dodging        | 3 |  3.1
Fighting       | |  2.7

Action                     |  1- 3 |  4- 6 |  7- 9 || total
---------------------------+-------+-------+-------++-------
  Melee: Unarmed           |    54 |   106 |   152 ||   312
         Punch             |     2 |     5 |     9 ||    16
 Invoke: Heroism           |       |       |     1 ||     1
    Use: Scroll            |       |     9 |     4 ||    13
 Armour: Animal skin       |    14 |    43 |    73 ||   130
  Dodge: Dodged            |    17 |    66 |   112 ||   195

Table legend: (Time is in decaauts)
 A = Elapsed time spent in this place.
 B = Non-inter-level travel time spent in this place.
 C = Inter-level travel time spent in this place.
 D = Time resting spent in this place.
 E = Time spent auto-exploring this place.
 F = Levels seen in this place.
 G = Mean time per level.
                   A        B        C        D        E       F      G
               +--------+--------+--------+--------+--------+-----+--------+
         Total |   3161 |   2972 |    189 |      0 |   1700 |   8 |  395.1 |
       Dungeon |   2576 |   2405 |    171 |      0 |   1466 |   6 |  429.3 |
        Temple |     18 |      0 |     18 |      0 |      0 |   1 |   18.0 |
         Sewer |    566 |    566 |      0 |      0 |    234 |   1 |  566.0 |
               +--------+--------+--------+--------+--------+-----+--------+

Top non-repeatable levels by time:
     D:4: 686 daAuts
   Sewer: 566 daAuts
     D:2: 522 daAuts
     D:3: 512 daAuts
     D:1: 317 daAuts
     D:5: 282 daAuts
     D:6: 255 daAuts
  Temple: 18 daAuts
